 Dungeon Crawl Stone Soup version 0.19.5 (webtiles) character file.

19 JeffiDaFish the Grave Robber (level 2, -1/19 HPs)
             Began as a Mummy Necromancer on Mar 8, 2017.
             Slain by Natasha (5 damage)
             ... on level 2 of the Dungeon.
             The game lasted 00:08:15 (982 turns).

JeffiDaFish the Grave Robber (Mummy Necromancer)     Turns: 982, Time: 00:08:16

Health: -1/19      AC:  3    Str: 11    XL:     2   Next: 55%
Magic:  0/5        EV: 11    Int: 14    God:
Gold:   26         SH:  0    Dex: 12    Spells: 2 memorised, 3 levels left

rFire  x . .     SeeInvis .     c - +0 dagger
rCold  + . .     Gourm    .     f - +0 leather armour
rNeg   + + +     Faith    .     (no shield)
rPois  ∞         Spirit   .     (no helmet)
rElec  .         Reflect  .     (no cloak)
rCorr  .         Harm     .     (no gloves)
MR     .....                    (no boots)
Stlth  +.........               (no amulet)
                                (no ring)
                                e - ring of loudness (curse)

@: slowed, very slow
A: no food or potions, fire vulnerability, cold resistance 1, negative energy
resistance 3, torment resistance, unbreathing
a: no special abilities


You were on level 2 of the Dungeon.
You were not hungry.

You visited 1 branch of the dungeon, and saw 2 of its levels.

You collected 26 gold pieces.

Inventory:

Hand Weapons
 c - a +0 dagger (weapon)
Armour
 f - a +0 leather armour (worn)
Jewellery
 e - a cursed ring of loudness (left hand)
Scrolls
 d - a scroll of identify
Books
 b - a book of Necromancy

   Spells                             Type                      Level
   a - Pain                           Necromancy                   1
   b - Animate Skeleton               Necromancy                   1
   c - Vampiric Draining              Necromancy                   3
   d - Regeneration                   Charms/Necromancy            3
   e - Animate Dead                   Necromancy                   4
   f - Control Undead                 Necromancy                   4


   Skills:
 + Level 0.2 Fighting
 + Level 0.1 Short Blades
 + Level 1.5 Dodging
 + Level 1.7 Stealth
 + Level 2.2 Spellcasting
 + Level 4.4 Necromancy


You had 3 spell levels left.
You knew the following spells:

 Your Spells              Type           Power        Failure   Level  Hunger
a - Pain                  Necr           ##..         8%          1    N/A
b - Animate Skeleton      Necr           N/A          8%          1    N/A

Dungeon Overview and Level Annotations

Branches:
Dungeon (2/15)

Altars:

Annotations:
D:2 Natasha


Innate Abilities, Weirdness & Mutations

You do not eat or drink.
Your flesh is vulnerable to fire.
You are immune to poison.
Your flesh is cold resistant. (rC+)
You are immune to negative energy. (rN+++)
You are immune to unholy pain and torment.
You can survive without breathing.


Message History

Your kobold skeleton misses Natasha.
Natasha claws you!
Casting: Pain
Confirm with . or Enter, or press ? or * to list all spells.
Aiming: Pain
Press: ? - help, Shift-Dir - straight line, f/p - Natasha
Aim: Natasha (heavily wounded, chance to defeat MR: 70%) Natasha struggles to resist.
Your jackal skeleton bites Natasha.
Natasha stares at you and mumbles some strange words.
You feel yourself slow down.
Your kobold skeleton barely misses Natasha.
You hit Natasha.
Natasha is heavily wounded.
Your jackal skeleton bites Natasha.
Natasha claws you.
* * * LOW HITPOINT WARNING * * *
Your jackal skeleton closely misses Natasha.
Your kobold skeleton barely misses Natasha.
You hit Natasha.
Natasha is almost dead.
Natasha claws you.
You die...

##...###.
....... ......
..... #...#
#...# #hZ.#
#@Z.#
#.########Z..#
#......%<....#
#...#####(#$..#
....... #.#.>.#
##.....
........ #.....
#..##.#.##
#.#... #..#
.#.# #.#...
...# .# #


You could see Natasha, 2 friendly jackal skeletons and a friendly kobold
skeleton.

Vanquished Creatures
  3 bats (D:1)
  A goblin (D:1)
  2 hobgoblins (D:1)
  5 jackals
  A frilled lizard (D:2)
  A kobold (D:2)
  4 rats
17 creatures vanquished.

Vanquished Creatures (collateral kills)
  A bat (D:1)
  2 rats (D:1)
3 creatures vanquished.

Grand Total: 20 creatures vanquished

Notes
Turn   | Place    | Note
-------+----------+-------------------------------------------
     0 | D:1      | JeffiDaFish the Mummy Necromancer began the quest for the Orb.
     0 | D:1      | Reached XP level 1. HP: 13/13 MP: 3/3
   100 | D:1      | Learned a level 1 spell: Animate Skeleton
   490 | D:1      | Reached XP level 2. HP: 18/19 MP: 1/5
   971 | D:2      | Noticed Natasha
   982 | D:2      | Slain by Natasha

Action                   || total
-------------------------++-------
Melee: Dagger            ||    23
 Cast: Pain              ||    26
       Animate Skeleton  ||     8
  Use: Scroll            ||     2
Armor: Robe              ||     5
       Leather armour    ||     1
Dodge: Dodged            ||    25
